 Dungeon Crawl Stone Soup version 0.16-a0-4056-gee4db93 (webtiles) character file.

9723 achirane the Geomancer (level 11, -7/81 HPs)
             Began as an Octopode Earth Elementalist on Feb 20, 2015.
             Was an Elder of Sif Muna.
             Mangled by an orc warrior
             ... wielding a +0 glaive
              (15 damage)
             ... on level 11 of the Dungeon on Feb 21, 2015.
             The game lasted 02:27:20 (16896 turns).

achirane the Geomancer (OpEE)                      Turns: 16896, Time: 02:27:22

Health: -7/81      AC:  7    Str:  9    XL:     11   Next: 51%
Magic:  0/29       EV: 12    Int: 20    God:    Sif Muna [****..]
Gold:   656        SH:  0    Dex: 12    Spells: 5 memorised, 16 levels left

rFire  . . .     SeeInvis .     A - +2 short sword (flame)
rCold  . . .     Clarity  .     (no shield)
rNeg   + . .     SustAb   .     J - +2 hat
rPois  .         Gourm    .     g - amulet of guardian spirit
rElec  .         Spirit   +     h - +4 ring of protection (curse)
rCorr  .         Warding  .     m - ring of positive energy
rMut   .         Stasis   .     L - ring of wizardry
MR     .....                    (no ring)
Stlth  +++.......               (no ring)
                                (no ring)
                                (no ring)
                                (no ring)

@: not resistant to hostile enchantments, fairly stealthy
A: almost no armour, amphibious, 8 rings, constrict 8, camouflage 1, gelatinous
body 1
a: Channel Energy, Forget Spell, Renounce Religion


You were on level 11 of the Dungeon.
You worshipped Sif Muna.
Sif Muna was greatly pleased with you.
You were very hungry.

You visited 2 branches of the dungeon, and saw 12 of its levels.
You also visited: Ossuary.

You collected 656 gold pieces.

Inventory:

Hand weapons
 y - a +0 hunting sling
 A - a +2 short sword of flaming (weapon)
 X - a +2 short sword of venom
 Y - a +0 blowgun
Missiles
 b - 248 stones (quivered)
 f - 19 sling bullets
 v - 3 needles of slowing
 K - 2 needles of confusion
 N - 24 poisoned needles
 U - 4 sling bullets of frost
Armour
 I - a +0 large shield
 J - a +2 hat (worn)
Jewellery
 c - an uncursed amulet of resist corrosion
 g - an amulet of guardian spirit (around mantle)
 h - a cursed +4 ring of protection (left tentacle)
 m - a ring of positive energy (right tentacle)
 L - a ring of wizardry (on tentacle)
Magical devices
 P - a wand of paralysis (19)
 S - a wand of fireball (5)
Scrolls
 l - 5 scrolls of remove curse
 o - a scroll of holy word {unknown}
 p - 2 scrolls of immolation {unknown}
 q - 2 scrolls of noise
 r - 2 scrolls of fog {unknown}
 s - 2 scrolls of recharging {unknown}
 t - 3 scrolls of enchant armour {unknown}
 x - a scroll of blinking {unknown}
 B - 2 scrolls of amnesia {unknown}
 G - a scroll of vulnerability {unknown}
 H - a scroll of silence {unknown}
 Q - 2 scrolls of identify
 R - a scroll of random uselessness {unknown}
 V - 2 scrolls of magic mapping {unknown}
Potions
 e - 8 potions of curing
 j - 2 potions of haste
 k - 3 potions of agility
 u - 3 potions of cancellation
 w - a potion of cure mutation {unknown}
 z - 2 potions of mutation
 D - 4 potions of heal wounds
 E - 2 potions of ambrosia
 F - 3 potions of brilliance
 M - 2 potions of restore abilities {unknown}
 O - 3 potions of might {unknown}
 W - a potion of degeneration {unknown}
Books
 d - a book of Geomancy

   Spells                             Type                      Level
   a - Sandblast                      Earth                        1
   b - Stoneskin                      Transmutation/Earth          2
   c - Passwall                       Transmutation/Earth          3
   d - Stone Arrow                    Conjuration/Earth            3
   e - Petrify                        Transmutation/Earth          4
   f - Lee's Rapid Deconstruction     Earth                        5
Comestibles
 a - 3 bread rations
 i - 8 meat rations
 C - 11 fruits


   Skills:
 - Level 10.1 Fighting
 - Level 1.5 Slings
 - Level 2.0 Dodging
 - Level 2.6 Stealth
 - Level 10.0 Spellcasting
 - Level 1.0 Transmutations
 + Level 10.2 Earth Magic


You had 16 spell levels left.
You knew the following spells:

 Your Spells              Type           Power        Failure   Level  Hunger
a - Sandblast             Erth           ######       1%          1    None
b - Stoneskin             Trmt/Erth      ####....     1%          2    None
c - Stone Arrow           Conj/Erth      ####..       1%          3    None
d - Passwall              Trmt/Erth      ####......   1%          3    None
e - Lee's Rapid Deconstr  Erth           ######....   1%          5    ####...


Dungeon Overview and Level Annotations

Branches:
Dungeon (11/15)            Temple (1/1) D:4            Lair (0/8) D:11
    Orc: D:9-12

Altars:
Ashenzari
Cheibriados
Dithmenos
Elyvilon
Fedhas
Gozag
Kikubaaqudgha
Makhleb
Nemelex Xobeh
Okawaru
Qazlal
Ru
Sif Muna
Trog
Vehumet
Xom
Yredelemnul
Zin
The Shining One

Annotations:
D:4 Natasha; Vidiiot's ghost, average HOAs
D:11 Erica


Innate Abilities, Weirdness & Mutations

You cannot wear most types of armour.
You are amphibious.
You can wear up to eight rings at the same time.
You can use your tentacles to constrict many enemies at once.
Your skin changes colour to match your surroundings (Stealth).
Your rubbery body absorbs attacks (AC +1).


Message History

Aim: a hill giant, wielding a giant club (moderately wounded)
The stone arrow hits the hill giant.
The hill giant is heavily wounded.
Casting: Stone Arrow
Confirm with . or Enter, or press ? or * to list all spells.
Aiming: Stone Arrow
Press: ? - help, Shift-Dir - straight line, f/p - hill giant
Aim: a hill giant, wielding a giant club (heavily wounded)
The stone arrow hits the hill giant.
The hill giant is heavily wounded.
Casting: Stone Arrow
Confirm with . or Enter, or press ? or * to list all spells.
Which direction?
The hill giant hits you with a giant club!!
You begin to meditate on the wall.
You continue meditating on the rock.
You continue meditating on the rock.
The hill giant hits you with a giant club!!
* * * LOW HITPOINT WARNING * * *
The orc warrior hits you from afar with a glaive!
You die...

######.# #......# #.....# #...#
...[..)####......###.....#####..#
....)..)..)......'.'.C...'...>..#
#####[#####......###(.(..####...#
###.### #...)..# ####### #....
###.[...####...).# .....
#.........##....o# ......
..P........#(...C# .o....
........P.......@# #...#..
.....>...^..(##### #####..
.................#
...........#.....#
#.........##.....# ####
###.....####.....# ....
###.#..........# ##....
#............# # .....
###..........########. #...


You could see a hill giant and an orc warrior.

Vanquished Creatures
  3 hill giants
  A gargoyle (D:10)
  Psyche (D:8)
  Prince Ribbit (D:8)
  A hungry ghost (D:10)
  A hippogriff (D:10)
  9 yaks
  3 wyverns
  Grum (D:8)
  2 wargs (D:11)
  3 wolves (D:8)
  Edmund (D:9)
  7 ogres
  2 orc warriors
  3 necrophages
  3 ice beasts
  6 centaurs
  A phantom (D:9)
  Duvessa (D:8)
  7 giant frogs
  Blork the orc (D:10)
  3 big kobolds
  A scorpion (D:5)
  A goliath beetle (D:11)
  2 giant frog zombies
  4 centaur zombies
  6 crimson imps
  Dowan (D:8)
  4 hounds
  2 jellies
  7 orc priests
  A centaur skeleton (D:8)
  A gnoll shaman (D:5)
  6 iguanas
  7 orc wizards
  8 worker ants
  2 ogre zombies (Ossuary)
  3 hound skeletons
  8 mummies
  A worker ant zombie (D:5)
  11 gnolls
  10 adders
  A giant mite (D:7)
  2 shadow imps
  A worm (D:5)
  6 adder zombies
  7 giant geckos
  2 oozes
  13 orcs
  4 ball pythons
  5 giant cockroaches
  30 goblins
  44 hobgoblins
  13 jackals
  29 kobolds
  18 bats
  A giant gecko skeleton (D:4)
  5 giant newts
  6 goblin zombies (Ossuary)
  3 hobgoblin zombies
  8 kobold zombies
  An orc zombie (D:6)
  2 quokka zombies (Ossuary)
  14 rats
  4 rat zombies (Ossuary)
366 creatures vanquished.

Notes
Turn   | Place    | Note
--------------------------------------------------------------
     0 | D:1      | achirane, the Octopode Earth Elementalist, began the quest for the Orb.
     0 | D:1      | Reached XP level 1. HP: 11/11 MP: 3/3
   375 | D:1      | Reached XP level 2. HP: 15/17 MP: 4/4
   383 | D:1      | Learned a level 2 spell: Stoneskin
   891 | D:1      | Reached XP level 3. HP: 19/21 MP: 6/6
  1277 | D:2      | Found a glowing golden altar of the Shining One.
  1834 | D:2      | Reached skill level 4 in Earth Magic
  2212 | D:2      | Learned a level 3 spell: Stone Arrow
  2311 | D:3      | Reached XP level 4. HP: 19/27 MP: 6/9
  3280 | D:3      | Reached XP level 5. HP: 24/31 MP: 11/11
  3293 | D:3      | Noticed a big kobold
  3314 | D:3      | Killed a big kobold
  3314 | D:3      | Reached skill level 1 in Slings
  3809 | D:3      | Reached XP level 6. HP: 36/36 MP: 14/14
  3874 | D:3      | Learned a level 3 spell: Passwall
  4163 | D:3      | Reached skill level 5 in Earth Magic
  4784 | D:4      | Noticed Vidiiot's ghost (average HOAs)
  4831 | D:4      | Found a sand-covered staircase.
  4836 | Ossuary  | Entered an ossuary
  5565 | Ossuary  | Reached XP level 7. HP: 41/41 MP: 18/18
  5612 | Ossuary  | Reached skill level 5 in Spellcasting
  6246 | D:4      | Found a staircase to the Ecumenical Temple.
  6401 | Temple   | Entered the Ecumenical Temple
  6517 | Temple   | Became a worshipper of Sif Muna the Loreminder
  6540 | D:4      | Reached skill level 6 in Earth Magic
  7155 | D:4      | Noticed Natasha
  7184 | D:5      | Entered Level 5 of the Dungeon
  7214 | D:5      | Reached XP level 8. HP: 46/46 MP: 11/21
  7508 | D:5      | Acquired Sif Muna's first power
  8114 | D:5      | Reached skill level 7 in Earth Magic
  8691 | D:6      | Learned a level 5 spell: Lee's Rapid Deconstruction
  8857 | D:6      | Acquired Sif Muna's second power
  8881 | D:6      | Reached skill level 8 in Earth Magic
  9300 | D:6      | Reached XP level 9. HP: 34/51 MP: 2/24
  9540 | D:6      | Found a stormy altar of Qazlal.
  9767 | D:6      | Reached skill level 9 in Earth Magic
  9866 | D:7      | Found a bloodstained altar of Trog.
 10700 | D:8      | Reached skill level 10 in Earth Magic
 10786 | D:8      | Noticed Grum
 10866 | D:8      | Killed Grum
 10938 | D:8      | Noticed Dowan
 10939 | D:8      | Noticed Duvessa
 10940 | D:8      | Noticed Blork the orc
 10976 | D:8      | Killed Dowan
 11173 | D:8      | Noticed Psyche
 11178 | D:8      | Killed Psyche
 11178 | D:8      | Reached skill level 5 in Fighting
 11391 | D:8      | Reached XP level 10. HP: 68/68 MP: 18/25
 11524 | D:8      | Killed Duvessa
 11745 | D:8      | Noticed Prince Ribbit
 11753 | D:8      | Killed Prince Ribbit
 12411 | D:9      | Found a bloodstained altar of Trog.
 12488 | D:9      | Noticed Edmund
 12503 | D:9      | Killed Edmund
 13439 | D:10     | Entered Level 10 of the Dungeon
 13525 | D:10     | Noticed a hill giant
 13632 | D:10     | Killed a hill giant
 13632 | D:10     | Reached skill level 10 in Fighting
 13770 | D:10     | Noticed a hill giant
 13775 | D:10     | Killed a hill giant
 13775 | D:10     | Reached XP level 11. HP: 74/81 MP: 7/27
 14357 | D:10     | Acquired Sif Muna's third power
 15008 | D:10     | Killed Blork the orc
 15534 | D:11     | Found a staircase to the Lair.
 15993 | D:11     | Noticed a hill giant
 16372 | D:11     | Killed a hill giant
 16372 | D:11     | Reached skill level 10 in Spellcasting
 16806 | D:11     | Noticed a hill giant
 16831 | D:11     | Noticed Erica
 16896 | D:11     | Mangled by an orc warrior

Action                   |  1- 3 |  4- 6 |  7- 9 | 10-12 || total
-------------------------+-------+-------+-------+-------++-------
Melee: Unarmed           |    80 |    84 |    35 |     1 ||   200
       Short sword       |       |    58 |    31 |    47 ||   136
 Fire: Hunting sling     |       |   151 |   194 |   131 ||   476
Throw: Stone             |    86 |    37 |     3 |     1 ||   127
 Cast: Sandblast         |    34 |    21 |    25 |       ||    80
       Stoneskin         |     7 |    11 |     2 |     1 ||    21
       Stone Arrow       |       |    11 |   123 |   209 ||   343
       Passwall          |       |     1 |     3 |     9 ||    13
Invok: Channel Energy    |       |       |       |     4 ||     4
  Use: Scroll            |       |       |    10 |     5 ||    15
       Potion            |       |       |       |     2 ||     2
 Stab: Sleeping          |     3 |    14 |     5 |     3 ||    25
  Eat: Chunk             |     5 |    10 |    18 |    14 ||    47
       Bread ration      |       |     1 |       |       ||     1
       Beef jerky        |       |       |       |     2 ||     2
